 Dungeon Crawl Stone Soup version 0.31-a0-174-g85c54bcb58 (webtiles) character file.

Game seed: 9000365290803383732

126870 qw the Marksnaga (level 16, -3/159 HPs)
             Began as a Naga Hunter on June 15, 2023.
             Was a High Priest of Okawaru.
             Slain by a guardian serpent (5 damage)
             ... on level 2 of the Snake Pit.
             The game lasted 00:13:17 (26077 turns).

qw the Marksnaga (Naga Hunter)                     Turns: 26077, Time: 00:13:18

Health: -3/159     AC: 28    Str: 14    XL:     16   Next: 99%
Magic:  23/23      EV: 24    Int:  9    God:    Okawaru [*****.]
Gold:   1676       SH:  0    Dex: 23    Spells: 15/15 levels left

rFire   + . .        h - +0 triple crossbow (freeze)
rCold   + . .        (shield currently unavailable)
rNeg    . . .        k - +2 robe {rC+ rF+}
rPois   +            u - +1 helmet
rElec   .            m - +2 cloak
rCorr   .            s - +0 pair of gloves
SInv    +            i - +2 barding {Fly}
Will    ++...        e - amulet of the acrobat
Stlth   ++++         d - +5 ring of evasion
HPRegen 0.46/turn    j - +4 ring of protection
MPRegen 0.18/turn

%: acrobat
@: heroic, flying, very slow
A: AC +5, large, see invisible, deformed body, poison resistance, slowness 2,
spit poison 1, naga tail 2
a: Spit Poison, Renounce Religion, Heroism, Finesse, Duel


You were on level 2 of the Snake Pit.
You worshipped Okawaru.
Okawaru was extremely pleased with you.
You visited 5 branches of the dungeon, and saw 25 of its levels.

You collected 3206 gold pieces.
You spent 1530 gold pieces at shops.


Innate Abilities, Weirdness & Mutations

Your serpentine skin is tough. (AC +5)
You have supernaturally acute eyesight. (SInv)
Armour fits poorly on your strangely shaped body.
Your system is resistant to poisons. (rPois)
You cover ground very slowly.
You can spit poison.
You can use your snake-like lower body to constrict enemies.


   Skills:
 - Level 14.0(19.0) Fighting
 - Level 20.0(25.0) Ranged Weapons
 - Level 6.0(11.0) Armour
 + Level 9.8(14.8) Dodging
 - Level 1.5(6.5) Stealth
 - Level 10.0 Invocations


You had 15 spell levels left.
You didn't know any spells.
Your spell library was empty.

Inventory:

Hand Weapons
 h - a +0 triple crossbow of freezing (weapon)
Armour
 c - a scarf of resistance
 g - the +3 ring mail "Kixzesm" {*Slow rElec Regen+ Stlth+}
   (You found it on level 10 of the Dungeon)

   rElec:     It insulates you from electricity.
   Regen:     It increases your rate of health regeneration.
   *Slow:     It may slow you when you take damage.
   Stlth:     It makes you more stealthy.
 i - a +2 barding of flying (worn)
 k - a +2 robe of resistance (worn)
 l - a +2 ring mail of fire resistance
 m - a +2 cloak (worn)
 q - a +1 helmet
 s - a +0 pair of gloves (worn)
 u - a +1 helmet (worn)
 v - the +2 ring mail "Decin" {Int-4 Slay+4}
   (You bought it in a shop on level 1 of the Orcish Mines)

   Int:       It affects your intelligence (-4).
   Slay:      It affects your accuracy & damage with ranged weapons and melee
   (+4).
Jewellery
 d - a +5 ring of evasion (left hand)
 e - an amulet of the acrobat (around neck)
 j - a +4 ring of protection (right hand)
 r - the ring of Seokk {rPois rF++ Int+6 Dex-5 Stlth+}
   (You found it on level 8 of the Dungeon)

   [ring of intelligence]

   Int:       It affects your intelligence (+6).
   Dex:       It affects your dexterity (-5).
   rF:        It greatly protects you from fire.
   rPois:     It protects you from poison.
   Stlth:     It makes you more stealthy.
Wands
 o - a wand of digging (4)
Scrolls
 a - 9 scrolls of identify
Potions
 b - 3 potions of might
 f - 9 potions of curing
 n - 2 potions of haste
 p - a potion of magic
 t - 2 potions of mutation

Dungeon Overview and Level Annotations

Branches:
Dungeon (15/15)            Temple (1/1) D:7            Lair (5/5) D:8
  Swamp (0/4) Lair:3        Snake (2/4) Lair:3        Slime (0/5) Lair:5
    Orc (2/2) D:9             Elf (0/3) Orc:2        Vaults (0/5) D:13
 Depths (0/4) D:15

Altars:
Ashenzari
Cheibriados
Dithmenos
Elyvilon
Fedhas
Gozag
Hepliaklqana
Kikubaaqudgha
Makhleb
Nemelex Xobeh
Okawaru
Qazlal
Ru
Sif Muna
Trog
Uskayaw
Vehumet
Wu Jian
Xom
Yredelemnul
Zin
The Shining One
Jiyva

Shops:
D:4 :   D:7 ((   Orc:1 :[   Orc:2 ([*:*

Annotations:
D:5 1 runed translucent door, Crazy Yiuf
Snake:2 2 transporters, qw's ghost, adept GrFi


Message History

The black mamba seems to slow down.
The bolt freezes the black mamba.
The black mamba is moderately wounded.
The black mamba bites you but does no damage.
The black mamba misses you. The black mamba completely misses you.
The guardian serpent misses you. The black mamba barely misses you.
The black mamba closely misses you. x3
You shoot a bolt. The bolt barely misses the black mamba.
The black mamba misses you. x2; The guardian serpent misses you.
The black mamba bites you but does no damage. x2
The black mamba misses you.
The black mamba bites you but does no damage.
The guardian serpent hits you. The black mamba completely misses you.
The black mamba bites you but does no damage.
You shoot a bolt. The bolt barely misses the black mamba.
The black mamba completely misses you. The black mamba misses you.
The guardian serpent completely misses you.
The black mamba completely misses you. The black mamba closely misses you.
The black mamba bites you but does no damage.
The guardian serpent misses you. The black mamba closely misses you.
The black mamba misses you.
You shoot a bolt. The bolt misses the black mamba.
The black mamba completely misses you. x2
The black mamba bites you but does no damage.
The guardian serpent completely misses you.
The black mamba closely misses you. The black mamba misses you.
The black mamba barely misses you. The black mamba bites you!
The guardian serpent hits you but does no damage.
You shoot a bolt. The bolt hits the black mamba!!!
The bolt freezes the black mamba.
You kill the black mamba!
Okawaru accepts your kill. The black mamba closely misses you.
The black mamba misses you. The black mamba completely misses you.
The guardian serpent hits you but does no damage.
The black mamba misses you. The black mamba bites you!
You shoot a bolt. The bolt hits the black mamba!!
The black mamba seems to slow down.
The bolt freezes the black mamba!
The black mamba is almost dead.
The black mamba misses you. x2; The guardian serpent hits you.
You die...

##...#.######.###.#
##....## #####.# ..
#......# ######..##
#..######......###......##
.......#........#........##
..........................#
..#####.......#...........#
.#######.S%0...#..........#
.##???!###@%...#..........#
.#!~~?~?#SSS.#............%
!#!0)~!0¤0¤¤..#..........#.
.#S?!¤!0#¤'¤¤#.#..........#
.##~~!!###.¤#..###......###
#######......)####....###.
#####..........##.#### #.
...............#.#######
....%.............#.


You could see a guardian serpent and 3 black mambas.

Vanquished Creatures
  Frances (Snake:2)
  Gastronok (D:12)
  Agnes (D:15)
  A nagaraja (Snake:2)
  Roxanne (Snake:2)
  An orc warlord (Orc:2)
  A stone giant (D:15)
  A dire elephant (Lair:4)
  A rakshasa (D:15)
  A yaktaur captain (D:15)
  2 hydras
  An ogre mage (D:13)
  3 catoblepae
  6 centaur warriors
  3 anacondas
  4 tengu warriors
  5 boulder beetles
  4 two-headed ogres
  5 naga warriors
  4 orc high priests (Orc:2)
  A shock serpent (Snake:1)
  Lodul (D:10)
  2 skysharks (Lair:5)
  10 skeletal warriors
  A salamander mystic (Snake:2)
  2 bog bodies (Lair:3)
  3 naga ritualists (Snake:2)
  Pikel (D:7)
  A wizard (D:15)
  7 deep elf pyromancers
  5 orc knights
  6 mana vipers
  3 orc sorcerers (Orc:2)
  8 ugly things
  4 salamanders
  12 cyclopes
  3 manticores
  36 elephants
  6 naga magi
  2 guardian serpents (Snake:2)
  21 black mambas
  4 torpor snails (Lair:1)
  A torpor snail (shapeshifter) (D:13)
  Psyche (D:11)
  7 cane toads
  3 unseen horrors
  A rime drake (Lair:5)
  2 efreet (D:13)
  4 yaktaurs (D:15)
  Maggie (Lair:2)
  6 komodo dragons
  A freezing wraith (D:15)
  6 polar bears (Lair:5)
  A meliai (shapeshifter) (D:13)
  6 trolls
  3 meliai (D:15)
  6 hornets
  9 blink frogs
  3 dream sheep (Lair:5)
  19 slime creatures
  12 spriggans
  A shadow (D:11)
  5 wraiths
  2 humans (D:10)
  A water elemental (D:14)
  37 yaks
  A vampire (D:11)
  3 basilisks
  5 wyverns
  Eustachio (D:6)
  2 steam dragons
  8 vampire mosquitoes
  A warg (Orc:1)
  2 acid dragons
  14 nagas
  16 water moccasins
  3 sky beasts (D:7)
  3 black bears
  34 orc warriors
  4 ice beasts
  3 boggarts (Lair:5)
  19 wolves
  9 ogres
  13 centaurs
  2 lemures (D:7)
  A phantom (D:7)
  9 kobold brigands
  16 bullfrogs
  3 scorpions (D:7)
  2 gnoll sergeants
  5 wights (D:7)
  11 killer bees
  3 howler monkeys
  2 electric eels
  26 orc priests
  2 jellies
  2 gnoll boudas
  6 hounds
  4 iguanas
  34 orc wizards
  Natasha (thrice) (D:2)
  19 gnolls
  9 adders
  A shadow imp (D:7)
  2 white imps
  5 dart slugs
  71 orcs
  6 ball pythons
  10 bats
  10 endoplasms
  3 giant cockroaches
  10 goblins
  6 hobgoblins
  7 jackals
  7 quokkas
  5 frilled lizards
  39 kobolds
  6 rats
812 creatures vanquished.

Vanquished Creatures (others)
  A black mamba (Snake:2)
1 creature vanquished.

Grand Total: 813 creatures vanquished

Notes
Turn   | Place    | Note
-------+----------+-------------------------------------------
     0 | D:1      | qw the Naga Hunter began the quest for the Orb.
     0 | D:1      | Reached XP level 1. HP: 19/19 MP: 1/1
     0 | D:1      | 0 ||| qw: Version: 0.2-a-29-g511e9b1
     0 | D:1      | 0 ||| qw: Game counter: 5501
     0 | D:1      | 0 ||| qw: Always use a shield: true
     0 | D:1      | 0 ||| qw: God list: Okawaru
     0 | D:1      | 0 ||| qw: Allow faded altars: false
     0 | D:1      | 0 ||| qw: Do Orc after D:15 true
     0 | D:1      | 0 ||| qw: Do second Lair branch before Depths: true
     0 | D:1      | 0 ||| qw: Lair rune preference: random
     0 | D:1      | 0 ||| qw: Plans: Normal
     0 | D:1      | 0 ||| PLANNING D:1-11
    59 | D:1      | 59 ||| INVOKING Spit Poison.
    62 | D:1      | 62 ||| INVOKING Spit Poison.
    67 | D:1      | 67 ||| INVOKING Spit Poison.
    75 | D:1      | 75 ||| INVOKING Spit Poison.
   116 | D:1      | 116 ||| INVOKING Spit Poison.
   130 | D:1      | 130 ||| INVOKING Spit Poison.
   132 | D:1      | Reached skill level 4 in Ranged Weapons
   132 | D:1      | Reached XP level 2. HP: 25/26 MP: 2/2
   148 | D:1      | Found a faded altar of an unknown god.
   149 | D:1      | Noticed a great orb of eyes
   156 | D:1      | Noticed a floating eye
   161 | D:1      | Noticed an eye of devastation
   171 | D:1      | Noticed a shining eye
   196 | D:1      | 196 ||| INVOKING Spit Poison.
   280 | D:1      | 280 ||| INVOKING Spit Poison.
   309 | D:1      | 309 ||| INVOKING Spit Poison.
   490 | D:1      | 490 ||| INVOKING Spit Poison.
   511 | D:1      | 511 ||| INVOKING Spit Poison.
   576 | D:1      | 576 ||| INVOKING Spit Poison.
   699 | D:1      | 699 ||| INVOKING Spit Poison.
   766 | D:1      | 766 ||| INVOKING Spit Poison.
   770 | D:1      | 770 ||| INVOKING Spit Poison.
   771 | D:1      | 771 ||| INVOKING Spit Poison.
  1061 | D:1      | 1061 ||| READING 3 scrolls labelled MEFRUL OZIFEDU.
  1062 | D:1      | 1062 ||| READING scroll labelled APIELYPRUZ.
  1063 | D:1      | 1063 ||| READING scroll labelled WUL IFRAPOD.
  1064 | D:1      | 1064 ||| READING scroll labelled FANGEUWYEMU.
  1065 | D:1      | 1065 ||| READING scroll labelled HUUKISTURYF.
  1066 | D:1      | 1066 ||| READING scroll labelled GEMPUFRALU.
  1070 | D:1      | 1070 ||| DROPPING scroll of butterflies.
  1090 | D:2      | 1090 ||| INVOKING Spit Poison.
  1091 | D:2      | Reached XP level 3. HP: 32/32 MP: 3/3
  1109 | D:2      | 1109 ||| INVOKING Spit Poison.
  1150 | D:2      | 1150 ||| INVOKING Spit Poison.
  1156 | D:2      | 1156 ||| INVOKING Spit Poison.
  1165 | D:2      | 1165 ||| INVOKING Spit Poison.
  1171 | D:2      | 1171 ||| INVOKING Spit Poison.
  1177 | D:2      | 1177 ||| INVOKING Spit Poison.
  1180 | D:2      | 1180 ||| INVOKING Spit Poison.
  1265 | D:2      | 1265 ||| INVOKING Spit Poison.
  1281 | D:2      | 1281 ||| INVOKING Spit Poison.
  1287 | D:2      | 1287 ||| INVOKING Spit Poison.
  1291 | D:2      | Reached skill level 5 in Ranged Weapons
  1291 | D:2      | Reached XP level 4. HP: 39/39 MP: 4/4
  1292 | D:2      | 1292 ||| INVOKING Spit Poison.
  1296 | D:2      | 1296 ||| INVOKING Spit Poison.
  1309 | D:2      | 1309 ||| INVOKING Spit Poison.
  1377 | D:2      | 1377 ||| INVOKING Spit Poison.
  1395 | D:2      | Noticed Natasha
  1397 | D:2      | 1397 ||| INVOKING Spit Poison.
  1399 | D:2      | 1399 ||| INVOKING Spit Poison.
  1402 | D:2      | Killed Natasha
  1440 | D:2      | 1440 ||| INVOKING Spit Poison.
  1447 | D:2      | 1447 ||| INVOKING Spit Poison.
  1449 | D:2      | Reached skill level 3 in Fighting
  1450 | D:2      | 1450 ||| INVOKING Spit Poison.
  1517 | D:2      | 1517 ||| INVOKING Spit Poison.
  1538 | D:2      | 1538 ||| INVOKING Spit Poison.
  1540 | D:2      | Reached XP level 5. HP: 49/49 MP: 5/5
  1541 | D:2      | 1541 ||| INVOKING Spit Poison.
  1547 | D:2      | 1547 ||| INVOKING Spit Poison.
  1554 | D:2      | 1554 ||| INVOKING Spit Poison.
  1691 | D:2      | 1691 ||| INVOKING Spit Poison.
  1725 | D:2      | 1725 ||| INVOKING Spit Poison.
  1858 | D:2      | 1858 ||| INVOKING Spit Poison.
  1930 | D:2      | Noticed Natasha
  1934 | D:2      | 1934 ||| INVOKING Spit Poison.
  1936 | D:2      | 1936 ||| INVOKING Spit Poison.
  1936 | D:2      | Killed Natasha
  1944 | D:2      | Noticed Natasha
  1946 | D:2      | 1946 ||| INVOKING Spit Poison.
  1951 | D:2      | 1951 ||| INVOKING Spit Poison.
  1955 | D:2      | Killed Natasha
  2063 | D:2      | 2063 ||| UPGRADING to ring of resist corrosion.
  2064 | D:2      | 2064 ||| UPGRADING to +6 ring of strength.
  2065 | D:2      | 2065 ||| READING scroll labelled BEXTO IRUDO.
  2066 | D:2      | 2066 ||| READING scroll labelled XASTRE DIRISKEN.
  2148 | D:2      | 2148 ||| READING 2 scrolls of identify.
  2148 | D:2      | 2148 ||| IDENTIFYING fizzy grey potion
  2166 | D:3      | Identified the +5 shortbow "Vaowis" {drain, rN+ Dex+4}
  2167 | D:3      | 2167 ||| INVOKING Spit Poison.
  2169 | D:3      | 2169 ||| UPGRADING to +5 shortbow "Vaowis" {drain, rN+
                  | Dex+4}.
  2170 | D:3      | 2170 ||| DROPPING +0 shortbow.
  2244 | D:3      | 2244 ||| INVOKING Spit Poison.
  2272 | D:3      | 2272 ||| INVOKING Spit Poison.
  2276 | D:3      | 2276 ||| INVOKING Spit Poison.
  2345 | D:3      | 2345 ||| INVOKING Spit Poison.
  2347 | D:3      | Found the crystal ball of Wucad Mu {*channel}
  2541 | D:3      | Found a hazy altar of Hepliaklqana.
  2542 | D:3      | Found a broken altar of Ashenzari.
  2580 | D:3      | 2580 ||| INVOKING Spit Poison.
  2749 | D:3      | 2749 ||| INVOKING Spit Poison.
  2752 | D:3      | 2752 ||| READING scroll labelled WUERPHI RE QY FENI.
  2753 | D:3      | 2753 ||| READING scroll labelled ROQAMU NEATO.
  2754 | D:3      | 2754 ||| READING 4 scrolls of identify.
  2754 | D:3      | 2754 ||| IDENTIFYING sedimented coppery potion
  2755 | D:3      | 2755 ||| READING 3 scrolls of identify.
  2755 | D:3      | 2755 ||| IDENTIFYING yellow potion
  2756 | D:3      | 2756 ||| DROPPING potion of magic.
  2757 | D:3      | 2757 ||| DROPPING potion of degeneration.
  2770 | D:4      | Found an ancient bone altar of Kikubaaqudgha.
  2773 | D:4      | 2773 ||| INVOKING Spit Poison.
  2806 | D:4      | 2806 ||| INVOKING Spit Poison.
  2835 | D:4      | 2835 ||| INVOKING Spit Poison.
  2848 | D:4      | 2848 ||| INVOKING Spit Poison.
  2948 | D:4      | 2948 ||| INVOKING Spit Poison.
  2987 | D:4      | 2987 ||| INVOKING Spit Poison.
  2988 | D:4      | 2988 ||| INVOKING Spit Poison.
  2991 | D:4      | Reached XP level 6. HP: 52/56 MP: 6/6
  3077 | D:4      | 3077 ||| INVOKING Spit Poison.
  3081 | D:4      | 3081 ||| INVOKING Spit Poison.
  3085 | D:4      | Reached skill level 6 in Ranged Weapons
  3165 | D:4      | 3165 ||| READING scroll labelled UCIJ ONTEC.
  3165 | D:4      | Identified a scroll of acquirement
  3165 | D:4      | 3165 ||| ACQUIRING +2 barding of flying
  3165 | D:4      | Acquired a +2 barding of flying
  3167 | D:4      | 3167 ||| UPGRADING to +2 barding of flying.
  3172 | D:4      | 3172 ||| READING 2 scrolls of identify.
  3172 | D:4      | 3172 ||| IDENTIFYING red potion
  3173 | D:4      | 3173 ||| DROPPING potion of brilliance.
  3208 | D:4      | 3208 ||| INVOKING Spit Poison.
  3386 | D:4      | Found Ikkoicaf's Tremendous Tomes.
  3440 | D:4      | Found a glowing silver altar of Zin.
  3441 | D:4      | Found a shadowy altar of Dithmenos.
  3565 | D:4      | 3565 ||| INVOKING Spit Poison.
  3628 | D:4      | 3628 ||| INVOKING Spit Poison.
  3630 | D:4      | Reached skill level 1 in Armour
  3699 | D:4      | 3699 ||| INVOKING Spit Poison.
  3705 | D:4      | 3705 ||| INVOKING Spit Poison.
  3709 | D:4      | 3709 ||| INVOKING Spit Poison.
  3853 | D:4      | 3853 ||| READING scroll labelled QIRUFAPS XYANU.
  3954 | D:4      | 3954 ||| READING 2 scrolls labelled OZABOYZ ZYWEG.
  3971 | D:5      | Entered Level 5 of the Dungeon
  3972 | D:5      | 3972 ||| INVOKING Spit Poison.
  3976 | D:5      | 3976 ||| INVOKING Spit Poison.
  3998 | D:5      | 3998 ||| INVOKING Spit Poison.
  4045 | D:5      | 4045 ||| INVOKING Spit Poison.
  4048 | D:5      | 4048 ||| INVOKING Spit Poison.
  4069 | D:5      | 4069 ||| Stepping ~*~*~tactically~*~*~ (outnumbered).
  4070 | D:5      | 4070 ||| INVOKING Spit Poison.
  4077 | D:5      | 4077 ||| INVOKING Spit Poison.
  4080 | D:5      | Reached XP level 7. HP: 57/64 MP: 7/7
  4106 | D:5      | 4106 ||| INVOKING Spit Poison.
  4157 | D:5      | 4157 ||| INVOKING Spit Poison.
  4176 | D:5      | 4176 ||| INVOKING Spit Poison.
  4195 | D:5      | 4195 ||| INVOKING Spit Poison.
  4199 | D:5      | 4199 ||| Stepping ~*~*~tactically~*~*~ (outnumbered).
  4201 | D:5      | 4201 ||| INVOKING Spit Poison.
  4204 | D:5      | Reached skill level 7 in Ranged Weapons
  4204 | D:5      | 4204 ||| INVOKING Spit Poison.
  4207 | D:5      | 4207 ||| INVOKING Spit Poison.
  4212 | D:5      | 4212 ||| INVOKING Spit Poison.
  4217 | D:5      | 4217 ||| INVOKING Spit Poison.
  4221 | D:5      | 4221 ||| INVOKING Spit Poison.
  4544 | D:5      | Found a runed translucent door.
  4545 | D:5      | Noticed Crazy Yiuf
  4697 | D:5      | 4697 ||| UPGRADING to +2 robe of resistance.
  4707 | D:5      | 4707 ||| DROPPING +0 leather armour.
  4708 | D:5      | 4708 ||| UPGRADING to +2 cloak.
  4713 | D:5      | 4713 ||| DROPPING ring of wizardry.
  4753 | D:6      | 4753 ||| INVOKING Spit Poison.
  4781 | D:6      | 4781 ||| Stepping ~*~*~tactically~*~*~ (outnumbered).
  4784 | D:6      | 4784 ||| Stepping ~*~*~tactically~*~*~ (outnumbered).
  4785 | D:6      | 4785 ||| INVOKING Spit Poison.
  4790 | D:6      | 4790 ||| INVOKING Spit Poison.
  4793 | D:6      | 4793 ||| INVOKING Spit Poison.
  4797 | D:6      | Noticed Eustachio
  4804 | D:6      | 4804 ||| INVOKING Spit Poison.
  4809 | D:6      | 4809 ||| INVOKING Spit Poison.
  4811 | D:6      | Reached XP level 8. HP: 72/72 MP: 8/8
  4814 | D:6      | 4814 ||| INVOKING Spit Poison.
  4814 | D:6      | Killed Eustachio
  4815 | D:6      | Reached skill level 8 in Ranged Weapons
  4818 | D:6      | 4818 ||| INVOKING Spit Poison.
  4832 | D:6      | Reached skill level 3 in Dodging
  4896 | D:6      | 4896 ||| INVOKING Spit Poison.
  4900 | D:6      | 4900 ||| INVOKING Spit Poison.
  4958 | D:6      | 4958 ||| INVOKING Spit Poison.
  5020 | D:6      | 5020 ||| INVOKING Spit Poison.
  5027 | D:6      | 5027 ||| INVOKING Spit Poison.
  5064 | D:6      | 5064 ||| INVOKING Spit Poison.
  5068 | D:6      | 5068 ||| INVOKING Spit Poison.
  5073 | D:6      | 5073 ||| INVOKING Spit Poison.
  5224 | D:6      | 5224 ||| INVOKING Spit Poison.
  5394 | D:6      | 5394 ||| INVOKING Spit Poison.
  5395 | D:6      | Reached skill level 9 in Ranged Weapons
  5448 | D:6      | 5448 ||| DROPPING +1 cloak.
  5449 | D:6      | 5449 ||| READING scroll labelled ZURCHO BEQESHYU.
  5450 | D:6      | 5450 ||| DRINKING 2 bubbling grey potions.
  5451 | D:6      | 5451 ||| READING 2 scrolls of identify.
  5451 | D:6      | 5451 ||| IDENTIFYING fuming white potion
  5452 | D:6      | 5452 ||| DROPPING potion of ambrosia.
  5496 | D:7      | 5496 ||| INVOKING Spit Poison.
  5508 | D:7      | Found a staircase to the Ecumenical Temple.
  5509 | D:7      | 5509 ||| PLANNING TEMPLE
  5512 | D:7      | Reached XP level 9. HP: 82/82 MP: 9/9
  5522 | Temple   | Entered the Ecumenical Temple
  5577 | Temple   | 5577 ||| PLANNING D:1-11
  5614 | D:7      | Found Geaserir's Weapon Boutique.
  5630 | D:7      | 5630 ||| INVOKING Spit Poison.
  5634 | D:7      | Reached skill level 6 in Fighting
  5638 | D:7      | 5638 ||| INVOKING Spit Poison.
  5639 | D:7      | 5639 ||| INVOKING Spit Poison.
  5652 | D:7      | 5652 ||| INVOKING Spit Poison.
  5656 | D:7      | 5656 ||| INVOKING Spit Poison.
  5663 | D:7      | 5663 ||| INVOKING Spit Poison.
  5666 | D:7      | 5666 ||| INVOKING Spit Poison.
  5774 | D:7      | 5774 ||| INVOKING Spit Poison.
  5778 | D:7      | 5778 ||| INVOKING Spit Poison.
  5785 | D:7      | 5785 ||| INVOKING Spit Poison.
  5955 | D:7      | 5955 ||| INVOKING Spit Poison.
  5962 | D:7      | 5962 ||| INVOKING Spit Poison.
  5984 | D:7      | Reached skill level 10 in Ranged Weapons
  6068 | D:7      | 6068 ||| INVOKING Spit Poison.
  6105 | D:7      | 6105 ||| Stepping ~*~*~tactically~*~*~ (outnumbered).
  6295 | D:7      | 6295 ||| INVOKING Spit Poison.
  6320 | D:7      | 6320 ||| Stepping ~*~*~tactically~*~*~ (outnumbered).
  6322 | D:7      | 6322 ||| Stepping ~*~*~tactically~*~*~ (outnumbered).
  6324 | D:7      | 6324 ||| Stepping ~*~*~tactically~*~*~ (outnumbered).
  6326 | D:7      | 6326 ||| Stepping ~*~*~tactically~*~*~ (outnumbered).
  6327 | D:7      | Noticed a deep elf pyromancer
  6328 | D:7      | 6328 ||| Stepping ~*~*~tactically~*~*~ (outnumbered).
  6329 | D:7      | 6329 ||| INVOKING Spit Poison.
  6333 | D:7      | 6333 ||| INVOKING Spit Poison.
  6338 | D:7      | 6338 ||| INVOKING Spit Poison.
  6344 | D:7      | 6344 ||| INVOKING Spit Poison.
  6349 | D:7      | 6349 ||| INVOKING Spit Poison.
  6351 | D:7      | Killed a deep elf pyromancer
  6352 | D:7      | Reached XP level 10. HP: 81/94 MP: 10/10
  6356 | D:7      | 6356 ||| INVOKING Spit Poison.
  6363 | D:7      | 6363 ||| INVOKING Spit Poison.
  6365 | D:7      | Reached skill level 11 in Ranged Weapons
  6370 | D:7      | 6370 ||| INVOKING Spit Poison.
  6375 | D:7      | 6375 ||| INVOKING Spit Poison.
  6387 | D:7      | 6387 ||| INVOKING Spit Poison.
  6502 | D:7      | 6502 ||| INVOKING Spit Poison.
  6563 | D:7      | 6563 ||| INVOKING Spit Poison.
  6567 | D:7      | 6567 ||| Stepping ~*~*~tactically~*~*~ (outnumbered).
  6568 | D:7      | 6568 ||| INVOKING Spit Poison.
  6571 | D:7      | 6571 ||| Stepping ~*~*~tactically~*~*~ (outnumbered).
  6573 | D:7      | 6573 ||| INVOKING Spit Poison.
  6581 | D:7      | 6581 ||| INVOKING Spit Poison.
  6587 | D:7      | 6587 ||| INVOKING Spit Poison.
  6592 | D:7      | 6592 ||| INVOKING Spit Poison.
  6662 | D:7      | 6662 ||| INVOKING Spit Poison.
  6663 | D:7      | Noticed Pikel
  6670 | D:7      | 6670 ||| INVOKING Spit Poison.
  6674 | D:7      | 6674 ||| DRINKING potion of curing.
  6674 | D:7      | 6674 ||| (to cure confusion)
  6675 | D:7      | 6675 ||| INVOKING Spit Poison.
  6688 | D:7      | 6688 ||| INVOKING Spit Poison.
  6690 | D:7      | Killed Pikel
  6740 | D:7      | 6740 ||| INVOKING Spit Poison.
  6745 | D:7      | Found Nuinink's Antique Weapon Shoppe.
  6758 | D:7      | 6758 ||| INVOKING Spit Poison.
  6877 | D:7      | 6877 ||| UPGRADING to +4 ring of protection.
  6879 | D:7      | 6879 ||| DROPPING ring of resist corrosion.
  6907 | D:8      | 6907 ||| INVOKING Spit Poison.
  7053 | D:8      | 7053 ||| INVOKING Spit Poison.
  7087 | D:8      | 7087 ||| INVOKING Spit Poison.
  7095 | D:8      | 7095 ||| INVOKING Spit Poison.
  7179 | D:8      | 7179 ||| INVOKING Spit Poison.
  7185 | D:8      | 7185 ||| INVOKING Spit Poison.
  7194 | D:8      | 7194 ||| INVOKING Spit Poison.
  7274 | D:8      | 7274 ||| INVOKING Spit Poison.
  7291 | D:8      | Identified the ring of Seokk {rPois rF++ Int+6 Dex-5
                  | Stlth+}
  7381 | D:8      | 7381 ||| INVOKING Spit Poison.
  7547 | D:8      | Found a staircase to the Lair.
  7553 | D:8      | 7553 ||| DRINKING 2 fuming blue potions.
  7578 | D:8      | 7578 ||| READING 3 scrolls of identify.
  7578 | D:8      | 7578 ||| IDENTIFYING smoky clear potion
  7579 | D:8      | 7579 ||| READING 2 scrolls of identify.
  7579 | D:8      | 7579 ||| IDENTIFYING murky clear potion
  7580 | D:8      | 7580 ||| DROPPING potion of attraction.
  7581 | D:8      | 7581 ||| DROPPING potion of lignification.
  7672 | D:9      | 7672 ||| INVOKING Spit Poison.
  7680 | D:9      | 7680 ||| INVOKING Spit Poison.
  7684 | D:9      | Reached skill level 12 in Ranged Weapons
  7685 | D:9      | 7685 ||| INVOKING Spit Poison.
  7689 | D:9      | 7689 ||| INVOKING Spit Poison.
  7693 | D:9      | 7693 ||| INVOKING Spit Poison.
  7701 | D:9      | Reached XP level 11. HP: 71/103 MP: 11/11
  7701 | D:9      | 7701 ||| INVOKING Spit Poison.
  7705 | D:9      | 7705 ||| INVOKING Spit Poison.
  7922 | D:9      | Noticed a two-headed ogre
  7925 | D:9      | 7925 ||| INVOKING Spit Poison.
  7933 | D:9      | 7933 ||| INVOKING Spit Poison.
  7938 | D:9      | Killed a two-headed ogre
  7940 | D:9      | 7940 ||| INVOKING Spit Poison.
  8038 | D:9      | Found a staircase to the Orcish Mines.
  8045 | D:9      | 8045 ||| Stepping ~*~*~tactically~*~*~ (outnumbered).
  8046 | D:9      | 8046 ||| INVOKING Spit Poison.
  8055 | D:9      | 8055 ||| INVOKING Spit Poison.
  8137 | D:9      | 8137 ||| INVOKING Spit Poison.
  8142 | D:9      | 8142 ||| INVOKING Spit Poison.
  8149 | D:9      | 8149 ||| INVOKING Spit Poison.
  8153 | D:9      | Reached skill level 13 in Ranged Weapons
  8159 | D:9      | 8159 ||| INVOKING Spit Poison.
  8261 | D:9      | 8261 ||| Stepping ~*~*~tactically~*~*~ (outnumbered).
  8263 | D:9      | 8263 ||| Stepping ~*~*~tactically~*~*~ (outnumbered).
  8265 | D:9      | 8265 ||| Stepping ~*~*~tactically~*~*~ (outnumbered).
  8266 | D:9      | 8266 ||| INVOKING Spit Poison.
  8273 | D:9      | 8273 ||| INVOKING Spit Poison.
  8280 | D:9      | 8280 ||| INVOKING Spit Poison.
  8316 | D:9      | Found a burning altar of Makhleb.
  8316 | D:9      | Noticed a catoblepas
  8316 | D:9      | Noticed a two-headed ogre
  8317 | D:9      | 8317 ||| Stepping ~*~*~tactically~*~*~ (cloud).
  8319 | D:9      | 8319 ||| INVOKING Spit Poison.
  8321 | D:9      | Noticed a skeletal warrior
  8323 | D:9      | 8323 ||| INVOKING Spit Poison.
  8325 | D:9      | 8325 ||| Stepping ~*~*~tactically~*~*~ (cloud).
  8328 | D:9      | 8328 ||| INVOKING Spit Poison.
  8339 | D:9      | 8339 ||| INVOKING Spit Poison.
  8346 | D:9      | 8346 ||| INVOKING Spit Poison.
  8347 | D:9      | 8347 ||| Stepping ~*~*~tactically~*~*~ (cloud).
  8349 | D:9      | 8349 ||| Stepping ~*~*~tactically~*~*~ (cloud).
  8350 | D:9      | 8350 ||| Stepping ~*~*~tactically~*~*~ (cloud).
  8351 | D:9      | 8351 ||| INVOKING Spit Poison.
  8351 | D:9      | HP: 24/104 [two-headed ogre/+0 giant spiked club (9)]
  8352 | D:9      | 8352 ||| READING 2 scrolls of teleportation.
  8353 | D:9      | 8353 ||| DRINKING 2 potions of heal wounds.
  8354 | D:9      | 8354 ||| Stepping ~*~*~tactically~*~*~ (cloud).
  8557 | D:9      | 8557 ||| INVOKING Spit Poison.
  8558 | D:9      | 8558 ||| Stepping ~*~*~tactically~*~*~ (cloud).
  8561 | D:9      | 8561 ||| Stepping ~*~*~tactically~*~*~ (cloud).
  8562 | D:9      | 8562 ||| INVOKING Spit Poison.
  8566 | D:9      | 8566 ||| Stepping ~*~*~tactically~*~*~ (cloud).
  8567 | D:9      | 8567 ||| Stepping ~*~*~tactically~*~*~ (cloud).
  8568 | D:9      | 8568 ||| INVOKING Spit Poison.
  8570 | D:9      | 8570 ||| Stepping ~*~*~tactically~*~*~ (cloud).
  8571 | D:9      | 8571 ||| Stepping ~*~*~tactically~*~*~ (cloud).
  8573 | D:9      | 8573 ||| INVOKING Spit Poison.
  8576 | D:9      | Killed a catoblepas
  8589 | D:9      | HP: 17/104 [skeletal warrior/+0 mace (15)]
  8590 | D:9      | 8590 ||| READING scroll of teleportation.
  8591 | D:9      | 8591 ||| DRINKING potion of heal wounds.
  8964 | D:9      | Killed a skeletal warrior
  8965 | D:9      | Reached skill level 9 in Fighting
  9092 | D:9      | 9092 ||| DROPPING ring of positive energy.
  9093 | D:9      | 9093 ||| READING scroll labelled YWIGGI FOANN.
  9094 | D:9      | 9094 ||| READING 2 scrolls of identify.
  9094 | D:9      | 9094 ||| IDENTIFYING fuming emerald potion
  9095 | D:9      | 9095 ||| DROPPING potion of enlightenment.
  9105 | D:10     | Entered Level 10 of the Dungeon
  9126 | D:10     | Identified the +3 ring mail "Kixzesm" {*Slow rElec Regen+
                  | Stlth+}
  9147 | D:10     | Found a stormy altar of Qazlal.
  9171 | D:10     | 9171 ||| INVOKING Spit Poison.
  9176 | D:10     | 9176 ||| INVOKING Spit Poison.
  9180 | D:10     | 9180 ||| INVOKING Spit Poison.
  9188 | D:10     | 9188 ||| INVOKING Spit Poison.
  9189 | D:10     | Noticed Lodul
  9193 | D:10     | 9193 ||| INVOKING Spit Poison.
  9197 | D:10     | 9197 ||| INVOKING Spit Poison.
  9205 | D:10     | 9205 ||| INVOKING Spit Poison.
  9209 | D:10     | Killed Lodul
  9212 | D:10     | Reached skill level 6 in Dodging
  9225 | D:10     | Found an iron altar of Okawaru.
  9226 | D:10     | 9226 ||| PLANNING OKAWARU WORSHIP
  9229 | D:10     | 9229 ||| INVOKING Spit Poison.
  9236 | D:10     | 9236 ||| INVOKING Spit Poison.
  9243 | D:10     | 9243 ||| INVOKING Spit Poison.
  9250 | D:10     | 9250 ||| INVOKING Spit Poison.
  9269 | D:10     | Became a worshipper of Warmaster Okawaru
  9270 | D:10     | 9270 ||| PLANNING D:1-11
  9304 | D:10     | 9304 ||| INVOKING Spit Poison.
  9314 | D:10     | 9314 ||| INVOKING Spit Poison.
  9433 | D:10     | Found an ornate altar of the Wu Jian Council.
  9751 | D:10     | 9751 ||| PLANNING LAIR
  9883 | Lair:1   | Entered Level 1 of the Lair of Beasts
  9937 | Lair:1   | 9937 ||| INVOKING Spit Poison.
  9940 | Lair:1   | 9940 ||| INVOKING Spit Poison.
  9946 | Lair:1   | 9946 ||| INVOKING Spit Poison.
  9950 | Lair:1   | 9950 ||| INVOKING Spit Poison.
  9953 | Lair:1   | 9953 ||| INVOKING Spit Poison.
  9959 | Lair:1   | 9959 ||| INVOKING Spit Poison.
 10013 | Lair:1   | Found a snail-covered altar of Cheibriados.
 10019 | Lair:1   | 10019 ||| INVOKING Spit Poison.
 10058 | Lair:1   | Reached * piety under Okawaru
 10217 | Lair:1   | 10217 ||| INVOKING Spit Poison.
 10247 | Lair:1   | Noticed a catoblepas
 10248 | Lair:1   | 10248 ||| INVOKING Heroism.
 10251 | Lair:1   | 10251 ||| Stepping ~*~*~tactically~*~*~ (cloud).
 10253 | Lair:1   | 10253 ||| INVOKING Spit Poison.
 10254 | Lair:1   | 10254 ||| Stepping ~*~*~tactically~*~*~ (cloud).
 10257 | Lair:1   | 10257 ||| Stepping ~*~*~tactically~*~*~ (cloud).
 10258 | Lair:1   | 10258 ||| INVOKING Spit Poison.
 10263 | Lair:1   | 10263 ||| Stepping ~*~*~tactically~*~*~ (cloud).
 10266 | Lair:1   | 10266 ||| INVOKING Spit Poison.
 10266 | Lair:1   | Killed a catoblepas
 10267 | Lair:1   | Reached skill level 14 in Ranged Weapons
 10267 | Lair:1   | Reached XP level 12. HP: 103/114 MP: 12/12
 10481 | Lair:1   | Reached skill level 1 in Invocations
 10618 | Lair:1   | 10618 ||| INVOKING Heroism.
 10858 | Lair:1   | 10858 ||| DROPPING +4 ring mail.
 10972 | Lair:2   | 10972 ||| INVOKING Heroism.
 10994 | Lair:2   | 10994 ||| INVOKING Heroism.
 10997 | Lair:2   | Reached skill level 3 in Armour
 11007 | Lair:2   | Reached skill level 3 in Invocations
 11052 | Lair:2   | 11052 ||| INVOKING Heroism.
 11068 | Lair:2   | Noticed Maggie
 11075 | Lair:2   | Killed Maggie
 11242 | Lair:2   | Reached ** piety under Okawaru
 11677 | Lair:2   | 11677 ||| UPGRADING to +0 pair of gloves.
 11682 | Lair:2   | 11682 ||| DROPPING amulet of guardian spirit.
 11770 | Lair:3   | 11770 ||| INVOKING Heroism.
 11784 | Lair:3   | Reached *** piety under Okawaru
 12048 | Lair:3   | Noticed a catoblepas
 12049 | Lair:3   | 12049 ||| Stepping ~*~*~tactically~*~*~ (cloud).
 12050 | Lair:3   | 12050 ||| INVOKING Heroism.
 12064 | Lair:3   | 12064 ||| Stepping ~*~*~tactically~*~*~ (cloud).
 12065 | Lair:3   | 12065 ||| Stepping ~*~*~tactically~*~*~ (cloud).
 12067 | Lair:3   | Killed a catoblepas
 12307 | Lair:3   | Reached **** piety under Okawaru
 12329 | Lair:3   | 12329 ||| INVOKING Heroism.
 12333 | Lair:3   | 12333 ||| Stepping ~*~*~tactically~*~*~ (outnumbered).
 12355 | Lair:3   | Gained mutation: You can use your snake-like lower body to
                  | constrict enemies. [Naga growth]
 12355 | Lair:3   | Reached XP level 13. HP: 121/127 MP: 16/16
 12390 | Lair:3   | Found a staircase to the Snake Pit.
 12603 | Lair:3   | Found a staircase to the Swamp.
 12675 | Lair:3   | 12675 ||| INVOKING Heroism.
 13007 | Lair:4   | Reached skill level 6 in Invocations
 13175 | Lair:4   | Reached ***** piety under Okawaru
 13195 | Lair:4   | 13195 ||| INVOKING Heroism.
 13227 | Lair:4   | 13227 ||| INVOKING Heroism.
 13246 | Lair:4   | Reached skill level 12 in Fighting
 13257 | Lair:4   | 13257 ||| INVOKING Heroism.
 13344 | Lair:4   | Noticed a dire elephant
 13345 | Lair:4   | 13345 ||| INVOKING Heroism.
 13371 | Lair:4   | Killed a dire elephant
 13384 | Lair:4   | 13384 ||| INVOKING Heroism.
 13443 | Lair:4   | 13443 ||| INVOKING Heroism.
 13704 | Lair:4   | 13704 ||| INVOKING Heroism.
 13836 | Lair:4   | 13836 ||| INVOKING Heroism.
 14252 | Lair:4   | 14252 ||| DROPPING +0 leather armour of willpower.
 14253 | Lair:4   | 14253 ||| READING 5 scrolls of identify.
 14253 | Lair:4   | 14253 ||| IDENTIFYING fizzy pink potion
 14308 | Lair:5   | Entered Level 5 of the Lair of Beasts
 14314 | Lair:5   | Reached skill level 9 in Dodging
 14314 | Lair:5   | Reached skill level 9 in Invocations
 14361 | Lair:5   | 14361 ||| INVOKING Heroism.
 14362 | Lair:5   | 14362 ||| INVOKING Finesse.
 14410 | Lair:5   | Reached XP level 14. HP: 138/138 MP: 15/21
 14558 | Lair:5   | Found a staircase to the Slime Pits.
 14636 | Lair:5   | 14636 ||| INVOKING Heroism.
 14648 | Lair:5   | 14648 ||| DROPPING +2 ring mail of willpower.
 14687 | Lair:5   | 14687 ||| INVOKING Heroism.
 14696 | Lair:5   | 14696 ||| Stepping ~*~*~tactically~*~*~ (outnumbered).
 14698 | Lair:5   | 14698 ||| Stepping ~*~*~tactically~*~*~ (outnumbered).
 14712 | Lair:5   | HP: 26/138 [spriggan rider/+0 spear (21)]
 14713 | Lair:5   | 14713 ||| READING 2 scrolls of teleportation.
 14713 | Lair:5   | HP: 9/138 [hornet (10)]
 14714 | Lair:5   | 14714 ||| DRINKING potion of heal wounds.
 14725 | Lair:5   | 14725 ||| READING scroll of teleportation.
 14740 | Lair:5   | 14740 ||| INVOKING Heroism.
 14750 | Lair:5   | HP: 18/139 [spriggan rider/+0 spear (7)]
 14751 | Lair:5   | HP: 5/139 [spriggan rider/+0 spear (13)]
 14752 | Lair:5   | Received a gift from Okawaru
 14819 | Lair:5   | 14819 ||| INVOKING Heroism.
 14948 | Lair:5   | 14948 ||| INVOKING Heroism.
 15110 | Lair:5   | 15110 ||| INVOKING Heroism.
 15111 | Lair:5   | 15111 ||| INVOKING Finesse.
 15290 | Lair:5   | 15290 ||| DROPPING +0 orcbow.
 15291 | Lair:5   | 15291 ||| UPGRADING to +2 hand crossbow of electrocution.
 15292 | Lair:5   | 15292 ||| DROPPING +5 shortbow "Vaowis" {drain, rN+ Dex+4}.
 15293 | Lair:5   | 15293 ||| READING 3 scrolls of enchant weapon.
 15293 | Lair:5   | 15293 ||| ENCHANTING +2 hand crossbow of electrocution.
 15294 | Lair:5   | 15294 ||| READING 2 scrolls of enchant weapon.
 15294 | Lair:5   | 15294 ||| ENCHANTING +3 hand crossbow of electrocution.
 15295 | Lair:5   | 15295 ||| READING scroll of enchant weapon.
 15295 | Lair:5   | 15295 ||| ENCHANTING +4 hand crossbow of electrocution.
 15312 | Lair:5   | 15312 ||| INVOKING Heroism.
 15557 | Lair:5   | 15557 ||| INVOKING Heroism.
 15607 | Lair:5   | Found a viscous altar of Jiyva.
 15838 | Lair:5   | 15838 ||| INVOKING Heroism.
 15839 | Lair:5   | 15839 ||| INVOKING Finesse.
 15840 | Lair:5   | 15840 ||| INVOKING Finesse.
 15937 | Lair:5   | 15937 ||| INVOKING Heroism.
 16041 | Lair:5   | 16041 ||| PLANNING D:1-11
 16041 | Lair:5   | 16041 ||| UPGRADING to +0 helmet.
 16046 | Lair:5   | 16046 ||| UPGRADING to +5 ring of evasion.
 16048 | Lair:5   | 16048 ||| UPGRADING to +4 ring of protection.
 16050 | Lair:5   | 16050 ||| DROPPING +6 ring of strength.
 16051 | Lair:5   | 16051 ||| READING scroll labelled UXZEAXTAJO.
 16617 | D:11     | Noticed Psyche
 16618 | D:11     | 16618 ||| INVOKING Heroism.
 16620 | D:11     | 16620 ||| Stepping ~*~*~tactically~*~*~ (outnumbered).
 16632 | D:11     | Reached skill level 15 in Ranged Weapons
 16636 | D:11     | Killed Psyche
 16653 | D:11     | HP: 31/141 [skeletal warrior/+0 trident (10)]
 16654 | D:11     | 16654 ||| READING 3 scrolls of teleportation.
 16966 | D:11     | 16966 ||| INVOKING Heroism.
 17041 | D:11     | 17041 ||| PLANNING D
 17056 | D:12     | 17056 ||| STAIRDANCE
 17061 | D:11     | 17061 ||| INVOKING Heroism.
 17071 | D:11     | HP: 33/141 [yak (6)]
 17072 | D:11     | 17072 ||| READING 2 scrolls of teleportation.
 17415 | D:12     | You are sucked into a shaft and drop 3 floors!
 17415 | D:15     | Entered Level 15 of the Dungeon
 17440 | D:13     | 17440 ||| INVOKING Heroism.
 17543 | D:13     | 17543 ||| INVOKING Heroism.
 17736 | D:13     | 17736 ||| INVOKING Heroism.
 17738 | D:13     | 17738 ||| Stepping ~*~*~tactically~*~*~ (outnumbered).
 17778 | D:13     | Received a gift from Okawaru
 17821 | D:13     | 17821 ||| INVOKING Heroism.
 17860 | D:13     | 17860 ||| READING scroll of acquirement.
 17860 | D:13     | 17860 ||| ACQUIRING 506 gold pieces
 17860 | D:13     | Acquired 506 gold pieces
 17879 | D:13     | 17879 ||| Stepping ~*~*~tactically~*~*~ (outnumbered).
 17886 | D:13     | Reached skill level 16 in Ranged Weapons
 17887 | D:13     | 17887 ||| INVOKING Heroism.
 17905 | D:13     | Reached XP level 15. HP: 51/147 MP: 22/22
 18160 | D:13     | 18160 ||| Stepping ~*~*~tactically~*~*~ (outnumbered).
 18169 | D:13     | Received a gift from Okawaru
 18182 | D:13     | 18182 ||| INVOKING Heroism.
 18424 | D:13     | Found a gate to the Vaults.
 18456 | D:13     | 18456 ||| DROPPING +6 ring of intelligence.
 18470 | D:12     | 18470 ||| Stepping ~*~*~tactically~*~*~ (outnumbered).
 18471 | D:12     | 18471 ||| Stepping ~*~*~tactically~*~*~ (outnumbered).
 18472 | D:12     | 18472 ||| Stepping ~*~*~tactically~*~*~ (outnumbered).
 18530 | D:12     | Noticed Gastronok
 18547 | D:12     | Killed Gastronok
 18730 | D:12     | Found a white marble altar of Elyvilon.
 19195 | D:12     | 19195 ||| INVOKING Heroism.
 19199 | D:12     | 19199 ||| Stepping ~*~*~tactically~*~*~ (outnumbered).
 19205 | D:12     | Reached skill level 17 in Ranged Weapons
 19212 | D:12     | Received a gift from Okawaru
 19382 | D:12     | 19382 ||| UPGRADING to amulet of the acrobat.
 19449 | D:13     | Found a hazy altar of Hepliaklqana.
 19707 | D:14     | 19707 ||| READING scroll of enchant weapon.
 19707 | D:14     | 19707 ||| ENCHANTING +5 hand crossbow of electrocution.
 19842 | D:14     | Received a gift from Okawaru
 20127 | D:14     | 20127 ||| FLEEEEING.
 20128 | D:14     | 20128 ||| FLEEEEING.
 20129 | D:14     | 20129 ||| FLEEEEING.
 20416 | D:15     | 20416 ||| INVOKING Heroism.
 20460 | D:15     | 20460 ||| INVOKING Heroism.
 20461 | D:15     | 20461 ||| Stepping ~*~*~tactically~*~*~ (outnumbered).
 20463 | D:15     | 20463 ||| Stepping ~*~*~tactically~*~*~ (outnumbered).
 20529 | D:15     | 20529 ||| INVOKING Heroism.
 20532 | D:15     | Reached skill level 18 in Ranged Weapons
 20537 | D:15     | 20537 ||| READING 2 scrolls of teleportation.
 20738 | D:15     | 20738 ||| INVOKING Heroism.
 20740 | D:15     | 20740 ||| READING 2 scrolls of teleportation.
 20760 | D:15     | Noticed Agnes
 20768 | D:15     | Killed Agnes
 20769 | D:15     | Reached skill level 6 in Armour
 20776 | D:15     | 20776 ||| INVOKING Heroism.
 20978 | D:15     | Found a staircase to the Depths.
 20979 | D:15     | 20979 ||| INVOKING Heroism.
 21042 | D:15     | 21042 ||| UPGRADING to +0 longbow.
 21043 | D:15     | 21043 ||| DROPPING +6 hand crossbow of electrocution.
 21209 | D:15     | Found an iron altar of Okawaru.
 21339 | D:15     | 21339 ||| INVOKING Heroism.
 21346 | D:15     | Reached XP level 16. HP: 95/157 MP: 21/23
 21772 | D:15     | 21772 ||| PLANNING ORC
 21977 | Orc:1    | Entered Level 1 of the Orcish Mines
 22048 | Orc:1    | Found Rawan's Book Shoppe.
 22171 | Orc:1    | 22171 ||| Stepping ~*~*~tactically~*~*~ (outnumbered).
 22182 | Orc:1    | 22182 ||| Stepping ~*~*~tactically~*~*~ (outnumbered).
 22206 | Orc:1    | 22206 ||| FLEEEEING.
 22207 | Orc:1    | 22207 ||| FLEEEEING.
 22255 | Orc:1    | Found Cooch's Armour Emporium.
 22270 | Orc:1    | 22270 ||| BUYING +1 helmet (138 gold).
 22270 | Orc:1    | Bought a +1 helmet for 138 gold pieces
 22270 | Orc:1    | 22270 ||| BUYING +2 ring mail "Decin" {Int-4 Slay+4} (352
                  | gold).
 22270 | Orc:1    | Bought the +2 ring mail "Decin" {Int-4 Slay+4} for 352 gold
                  | pieces
 22440 | Orc:1    | 22440 ||| DROPPING +0 troll leather armour.
 22441 | Orc:1    | 22441 ||| UPGRADING to +1 helmet.
 22451 | Orc:1    | 22451 ||| DROPPING +0 helmet.
 22456 | Orc:2    | Entered Level 2 of the Orcish Mines
 22456 | Orc:2    | Found a staircase to the Elven Halls.
 22457 | Orc:2    | 22457 ||| INVOKING Heroism.
 22501 | Orc:2    | 22501 ||| STAIRDANCE
 22771 | Orc:2    | Found Jeymil's General Store.
 22780 | Orc:2    | 22780 ||| BUYING scroll of enchant weapon (105 gold).
 22780 | Orc:2    | Bought a scroll of enchant weapon for 105 gold pieces
 22780 | Orc:2    | 22780 ||| BUYING scroll of identify (28 gold).
 22780 | Orc:2    | Bought a scroll of identify for 28 gold pieces
 22780 | Orc:2    | 22780 ||| READING scroll of enchant weapon.
 22780 | Orc:2    | 22780 ||| ENCHANTING +0 longbow.
 22936 | Orc:2    | 22936 ||| Stepping ~*~*~tactically~*~*~ (outnumbered).
 22939 | Orc:2    | 22939 ||| Stepping ~*~*~tactically~*~*~ (outnumbered).
 22950 | Orc:2    | 22950 ||| Stepping ~*~*~tactically~*~*~ (outnumbered).
 22978 | Orc:2    | 22978 ||| INVOKING Heroism.
 23046 | Orc:2    | 23046 ||| INVOKING Heroism.
 23094 | Orc:2    | Reached skill level 19 in Ranged Weapons
 23100 | Orc:2    | 23100 ||| INVOKING Heroism.
 23101 | Orc:2    | HP: 27/157 [orc high priest/divine providence (17)]
 23102 | Orc:2    | 23102 ||| READING scroll of teleportation.
 23111 | Orc:2    | 23111 ||| Stepping ~*~*~tactically~*~*~ (outnumbered).
 23117 | Orc:2    | HP: 19/157 [orc high priest/divine providence (10)]
 23184 | Orc:2    | 23184 ||| INVOKING Heroism.
 23505 | Orc:2    | 23505 ||| INVOKING Heroism.
 23584 | Orc:2    | 23584 ||| INVOKING Heroism.
 23638 | Orc:2    | Found Inao's Antique Armour Shoppe.
 23639 | Orc:2    | Found Ceilamalye's Antique Weapon Shoppe.
 23641 | Orc:2    | Found Bicw's General Store.
 23641 | Orc:2    | Found Kynets's Book Emporium.
 23645 | Orc:2    | 23645 ||| BUYING scroll of acquirement (676 gold).
 23645 | Orc:2    | Bought a scroll of acquirement for 676 gold pieces
 23645 | Orc:2    | 23645 ||| READING scroll of acquirement.
 23645 | Orc:2    | 23645 ||| ACQUIRING +0 triple crossbow of freezing
 23645 | Orc:2    | Acquired a +0 triple crossbow of freezing
 23647 | Orc:2    | 23647 ||| UPGRADING to +0 triple crossbow of freezing.
 23648 | Orc:2    | 23648 ||| DROPPING +1 longbow.
 23659 | Orc:2    | 23659 ||| BUYING shiny ring mail (231 gold).
 23659 | Orc:2    | Bought a shiny ring mail for 231 gold pieces
 23853 | Orc:2    | 23853 ||| PLANNING SNAKE:1-3
 24082 | Snake:1  | Entered Level 1 of the Snake Pit
 24142 | Snake:1  | 24142 ||| INVOKING Heroism.
 24227 | Snake:1  | 24227 ||| Stepping ~*~*~tactically~*~*~ (outnumbered).
 24229 | Snake:1  | 24229 ||| Stepping ~*~*~tactically~*~*~ (outnumbered).
 24231 | Snake:1  | 24231 ||| Stepping ~*~*~tactically~*~*~ (outnumbered).
 24233 | Snake:1  | 24233 ||| Stepping ~*~*~tactically~*~*~ (outnumbered).
 24235 | Snake:1  | 24235 ||| Stepping ~*~*~tactically~*~*~ (outnumbered).
 24237 | Snake:1  | 24237 ||| Stepping ~*~*~tactically~*~*~ (outnumbered).
 24602 | Snake:1  | 24602 ||| Stepping ~*~*~tactically~*~*~ (outnumbered).
 24604 | Snake:1  | 24604 ||| Stepping ~*~*~tactically~*~*~ (outnumbered).
 24606 | Snake:1  | 24606 ||| Stepping ~*~*~tactically~*~*~ (outnumbered).
 24865 | Snake:2  | Received a gift from Okawaru
 25004 | Snake:2  | 25004 ||| Stepping ~*~*~tactically~*~*~ (outnumbered).
 25070 | Snake:2  | 25070 ||| Stepping ~*~*~tactically~*~*~ (outnumbered).
 25102 | Snake:2  | Identified Roxanne's Tractate on the Ground
 25102 | Snake:2  | Noticed Roxanne
 25103 | Snake:2  | 25103 ||| INVOKING Heroism.
 25104 | Snake:2  | 25104 ||| INVOKING Finesse.
 25118 | Snake:2  | Killed Roxanne
 25119 | Snake:2  | Reached skill level 20 in Ranged Weapons
 25189 | Snake:2  | 25189 ||| Stepping ~*~*~tactically~*~*~ (outnumbered).
 25193 | Snake:2  | 25193 ||| Stepping ~*~*~tactically~*~*~ (outnumbered).
 25202 | Snake:2  | Noticed a nagaraja
 25203 | Snake:2  | 25203 ||| INVOKING Heroism.
 25213 | Snake:2  | HP: 24/157 [nagaraja/+0 halberd (19)]
 25214 | Snake:2  | Killed a nagaraja
 25593 | Snake:2  | Found a transporter.
 25593 | Snake:2  | Noticed qw's ghost (adept GrFi)
 25595 | Snake:2  | Found a transporter.
 25688 | Snake:2  | 25688 ||| INVOKING Heroism.
 25971 | Snake:2  | Noticed Frances
 25972 | Snake:2  | 25972 ||| INVOKING Heroism.
 25973 | Snake:2  | 25973 ||| INVOKING Finesse.
 25978 | Snake:2  | Killed Frances
 26052 | Snake:2  | 26052 ||| INVOKING Heroism.
 26067 | Snake:2  | HP: 38/159 [guardian serpent (4)]
 26071 | Snake:2  | Identified the +3 ring mail "Mesahuam" {Will- Regen+ Dex+2
                  | Slay+2} (Okawaru gifted it to you on level 2 of the Snake
                  | Pit)
 26071 | Snake:2  | Received a gift from Okawaru
 26073 | Snake:2  | HP: 15/159 [guardian serpent (6)]
 26076 | Snake:2  | HP: 2/159 [black mamba (7)]
 26077 | Snake:2  | Slain by a guardian serpent

Levels and vault maps discovered:
D:1:      evilmike_arrival_home_sweet_home, layout_basic,
          hellmonk_ecumenical_altar_watching_god
D:2:      minmay_wonky_spiral, layout_basic, minmay_hexomino_f4, uniq_natasha
D:3:      layout_loops_ring, jmf_multi_god_temple
D:4:      layout_loops_corners, nicolae_kikubaaqudgha_miasma_corner,
          nicolae_overflow_two_pavilions, serial_co_window_serial,
          co_window_of_opportunity_a, co_window_corner_a, co_window_corner_a,
          co_window_cross_1, co_window_paths_a, co_window_paths_a,
          co_window_corner_cb, co_window_paths_c, co_window_unsneaky_path_e,
          co_window_paths_c, glass_columns_b, glass_columns_a, glass_columns_b,
          glass_columns_a, glass_columns_c, nicolae_shop_i_like_big_books,
          small_statue_intersection, guppyfry_early_lair_pool
D:5:      nicolae_cairo_tiling_large_dashed, layout_cave_pools,
          kennysheep_generic_room_2, uniq_crazy_yiuf_cottage
D:6:      layout_basic, uniq_eustachio
D:7:      layout_loops_corners, minmay_temple_entry_statues_pillars,
          serial_shops, shop, shop, nzn_random_ring, uniq_pikel
D:8:      layout_cave_pools, lair_entry_dummy, chequers_mini_garden,
          nicolae_sextant
D:9:      layout_basic, minmay_orc_entry_temple_small, nicolae_wwwww,
          minmay_ruined_shrine
D:10:     layout_long_grid, nicolae_wu_jian_immortal_techniques,
          mainiacjoe_overflow_alcove_2, okawaru_humans, minmay_liquid_box,
          uniq_lodul
D:11:     layout_roguey, uniq_psyche
D:12:     layout_basic, elyvilon_altar_3, uniq_gastronok
D:13:     minmay_opposing_rooms, layout_cross, david_vaults_4,
          worldfamousw_hep_ancestral_shrine
D:14:     layout_roguey, minivault_4, chequers_serial_rivers_micro_d
D:15:     grunt_enter_depths_snipers, layout_long_grid, lemuel_round_altar,
          grunt_tough_drop, uniq_agnes
Temple:   zaba_magenta_temple
Lair:1:   layout_cave_pods, kennysheep_snail_temple, grunt_megastairs_5
Lair:2:   layout_gridlike, uniq_maggie
Lair:3:   layout_chaotic_city, skrybe_swamp_entry_bodies,
          minmay_snake_entry_guardpost_medium, st_stairs_9, serial_bayou_shore_a
Lair:4:   mu_elephants_graveyard, layout_cellular_growth
Lair:5:   minmay_lair_end_enchanted_forest, layout_gridlike, slime_entry_1
Snake:1:  layout_grid_maze, lemuel_fruit_tree, serial_bayou_shore_b
Snake:2:  nrook_guardian_serpent_snake_passage, layout_chambers,
          gammafunk_ghost_arena, drop_trap, st_stairs_1, hangedman_venom_bottle,
          uniq_roxanne, uniq_frances
Orc:1:    layout_diamond_mine, serial_shops, shop, shop
Orc:2:    st_orc_congregation, layout_caves, serial_shops, shop

Skill      XL: |  1  2  3  4  5  6  7  8  9 10 11 12 13 14 15 16 |
---------------+-------------------------------------------------+-----
Ranged Weapons | 4 5 6 7 9 10 12 14 16 18 20 | 20.0
Fighting       | 3 4 5 7 8 9 11 12 13 14 | 14.0
Dodging        | 2 3 4 5 6 7 9 |  9.8
Armour         | 1 2 4 5 6 |  6.0
Invocations    | 4 9 10 | 10.0
Stealth        | |  1.5

Action                     |  1- 3 |  4- 6 |  7- 9 | 10-12 | 13-15 | 16-18 || total
---------------------------+-------+-------+-------+-------+-------+-------++-------
   Fire: Shortbow          |    65 |   137 |   212 |   702 |   692 |       ||  1808
         Hand crossbow     |       |       |       |       |   601 |       ||   601
         Longbow           |       |       |       |       |    78 |   447 ||   525
         Triple crossbow   |       |       |       |       |       |   228 ||   228
 Invoke: Heroism           |       |       |       |     8 |    37 |    13 ||    58
         Finesse           |       |       |       |       |     3 |     2 ||     5
Ability: Spit Poison       |    26 |    49 |    47 |    80 |       |       ||   202
    Use: Scroll            |     6 |    11 |     2 |     6 |    13 |     3 ||    41
         Potion            |       |       |     1 |     4 |     1 |       ||     6
 Armour: Leather armour    |    14 |    32 |    12 |       |       |       ||    58
         Robe              |       |       |    38 |   187 |   435 |   180 ||   840
  Dodge: Dodged            |    15 |    37 |    50 |   195 |   839 |   580 ||  1716

Table legend:
 A = Non-vault XP
 B = Vault XP
 C = Vault XP percentage of total XP
 D = Non-vault monster count
 E = Vault monster count
 F = Vault count percentage of total count
                 A         B        C        D         E       F
            +---------+---------+-------+---------+---------+-------
      Total |  116071 |   65172 |  36.0 |     566 |     245 |  30.2
            +---------+---------+-------+---------+---------+-------
        D:1 |      33 |       0 |   0.0 |      22 |       0 |   0.0
        D:2 |     172 |      53 |  23.6 |      31 |       5 |  13.9
        D:3 |      31 |       4 |  11.4 |      16 |       2 |  11.1
        D:4 |     153 |       0 |   0.0 |      20 |       0 |   0.0
        D:5 |     659 |       0 |   0.0 |      20 |       0 |   0.0
        D:6 |     951 |     191 |  16.7 |      23 |       1 |   4.2
        D:7 |    2241 |    2662 |  54.3 |      49 |      18 |  26.9
        D:8 |    1109 |       0 |   0.0 |      21 |       0 |   0.0
        D:9 |    2995 |    2007 |  40.1 |      22 |      16 |  42.1
       D:10 |     640 |    1898 |  74.8 |      14 |       9 |  39.1
       D:11 |    8114 |     404 |   4.7 |      32 |       1 |   3.0
       D:12 |    7940 |    1705 |  17.7 |      23 |       2 |   8.0
       D:13 |    8077 |    6491 |  44.6 |      25 |      14 |  35.9
       D:14 |    6631 |       0 |   0.0 |      14 |       0 |   0.0
       D:15 |   15572 |    6308 |  28.8 |      35 |       7 |  16.7
     Lair:1 |    1901 |    1967 |  50.9 |       5 |       6 |  54.5
     Lair:2 |    4899 |     350 |   6.7 |      15 |       1 |   6.2
     Lair:3 |    7219 |    2314 |  24.3 |      28 |       8 |  22.2
     Lair:4 |    5583 |   11359 |  67.0 |      27 |      23 |  46.0
     Lair:5 |   11479 |    8038 |  41.2 |      32 |      42 |  56.8
    Snake:1 |    9823 |       0 |   0.0 |      22 |       0 |   0.0
    Snake:2 |   15776 |    8275 |  34.4 |      28 |      14 |  33.3
      Orc:1 |    1875 |       0 |   0.0 |      18 |       0 |   0.0
      Orc:2 |    2198 |   11146 |  83.5 |      24 |      76 |  76.0
            +---------+---------+-------+---------+---------+-------
